Map: Proxima Station LE

Players

Winter

  • Race: Zerg Zerg
  • Spawn Location: 7:00

Snute - Winner!

  • Race: Zerg Zerg
  • Spawn Location: 1:00

Event: WCS Jonkoping 2017

VOD

Have the link to the VOD?

Description

Time

  • Played on: June 17, 2017, 2:23 p.m.
  • Length: 2:43

All games in this series

Show
View Real Time Build Order
Export as new Build Order

Winter Zerg 

Build Orders: Pool Only 

Get SALT Encoding   

  12  0:18  Spawning Pool  
  11  0:22  Drone  
  11  0:27  Drone  
  13  0:32  Drone  
  14  0:40  Overlord  
  14  1:05  Zergling x6  
  17  1:16  Zergling x2  
  18  1:27  Zergling x2  
  19  1:38  Zergling x2  
  20  1:49  Zergling x2  
  21  2:00  Zergling x2  
  22  2:08  Spine Crawler x2  
  19  2:17  Zergling x2  
Show
View Real Time Build Order
Export as new Build Order

Snute Zerg - Winner!

Build Orders: Hatch First 

Get SALT Encoding   

  12  0:00  Drone  
  13  0:12  Overlord  
  13  0:17  Drone  
  14  0:30  Drone x2  
  14  0:34  Drone  
  17  0:52  Hatchery  
  17  0:54  Drone  
  17  1:08  Spawning Pool  
  17  1:11  Drone  
  17  1:14  Drone  
  18  1:34  Hatchery  
  18  1:40  Overlord  
  18  1:55  Queen, Spine Crawler  
  18  1:56  Zergling x6  
  22  2:04  Zergling x2  
  22  2:07  Zergling x2  
  24  2:17  Zergling x2  
  24  2:18  Zergling x2  
Tags
 
Add a new tag
Caveats
  • Supply blocks, unpowered buildings, or Contaminate may cause inaccurate times.
  • Supply counts are checked every 10 seconds.